 Dungeon Crawl Stone Soup version 0.13-a0-2688-gfd9909a (webtiles) character file.

393 Kae the Ruinous (level 6, -3/32 HPs)
             Began as a Tengu Fire Elementalist on Aug 14, 2013.
             Killed by divine providence
             ... invoked by an orc priest
              (13 damage)
             ... on Level 4 of the Dungeon.
             The game lasted 00:05:25 (3652 turns).

Kae the Ruinous (Tengu Fire Elementalist)           Turns: 3652, Time: 00:05:25

HP  -3/32        AC  5     Str  9      XL: 6   Next:  0%
MP   6/14        EV 12     Int 17      God:
Gold 170         SH  0     Dex 14      Spells:  3 memorised,  4 levels left

Res.Fire  : . . .   See Invis. : .   u - +0 orc dagger
Res.Cold  : . . .   Warding    : .   a - +0 robe
Life Prot.: . . .   Conserve   : .   (no shield)
Res.Poison: .       Res.Corr.  : .   (helmet restricted)
Res.Elec. : .       Clarity    : .   o - +0 cloak
Sust.Abil.: . .     Spirit.Shd : .   n - +1 pair of gauntlets
Res.Mut.  : .       Stasis     : .   (boots unavailable)
Res.Rott. : .       Flight     : .   (no amulet)
Saprovore : . . .                    (no ring)
                                     (no ring)

@: slightly resistant to hostile enchantments, fairly stealthy
A: able to fly, beak, talons 3
a: Fly


You were on level 4 of the Dungeon.
You were very hungry.

You visited 1 branch of the dungeon, and saw 4 of its levels.

You collected 150 gold pieces.

Inventory:

Hand weapons
 u - a +0,+0 orcish dagger (weapon)
Missiles
 g - 56 darts (quivered)
 p - 11 exploding darts
 q - 3 steel darts
Armour
 a - a +0 robe (worn)
 n - a +1 pair of gauntlets (worn)
 o - a +0 cloak (worn)
Magical devices
 x - a wand of lightning (4) {unknown}
Comestibles
 c - 3 bread rations
 d - 3 meat rations
 r - a sausage
 C - a rotting chunk of goblin flesh
 D - a rotting chunk of jackal flesh
 F - 3 rotting chunks of orc flesh
Scrolls
 f - 5 scrolls of identify {unknown}
 h - 4 scrolls of remove curse {unknown}
 i - 4 scrolls of recharging {unknown}
 j - a scroll of fog {unknown}
 s - a scroll of enchant armour {unknown}
 t - 3 scrolls of teleportation {unknown}
 v - a scroll of amnesia {unknown}
 B - a scroll of random uselessness {unknown}
Jewellery
 l - a cursed ring of teleportation {unknown}
 y - a cursed ring of teleportation {unknown}
 E - a cursed ring of teleportation {unknown}
Potions
 e - a potion of flight
 k - a potion of speed {unknown}
 m - 2 potions of restore abilities {unknown}
 w - a potion of confusion {unknown}
 z - a potion of heal wounds {unknown}
Books
 b - a book of Flames

   Spells                             Type                      Level
   *Flame Tongue                      Conjuration/Fire             1
   *Throw Flame                       Conjuration/Fire             2
   *Conjure Flame                     Conjuration/Fire             3
   Inner Flame                        Hexes/Fire                   3
   Sticky Flame                       Conjuration/Fire             4
   Fireball                           Conjuration/Fire             5


   Skills:
 - Level 2.2 Dodging
 - Level 2.0 Stealth
 + Level 2.7 Spellcasting
 * Level 5.3 Conjurations
 + Level 4.3 Fire Magic


You had 4 spell levels left.
You knew the following spells:

 Your Spells              Type           Power        Failure   Level  Hunger
a - Flame Tongue          Conj/Fire      ###..        2%          1    #......
b - Throw Flame           Conj/Fire      ###...       3%          2    ##.....
c - Conjure Flame         Conj/Fire      ###.....     10%         3    ###....


Dungeon Overview and Level Annotations

Branches:
Dungeon (4/27)
 Temple: D:4-7

Altars:
Cheibriados
Zin


Innate Abilities, Weirdness & Mutations

You can fly.
You have a beak for a mouth.
You have claws for feet.


Message History

The puff of flame misses the orc priest.
Casting: Throw Flame
Confirm with . or Enter, or press ? or * to list all spells.
Aiming: Throw Flame
Press: ? - help, Shift-Dir - straight line, f/p - orc priest
Aim: an orc priest, wielding an orcish mace (moderately wounded)
The puff of flame hits the orc priest.
The orc priest is heavily wounded.
The orc priest utters an invocation to Beogh.
You feel a wave of unholy energy pass over you.
Casting: Throw Flame
Confirm with . or Enter, or press ? or * to list all spells.
Aiming: Throw Flame
Press: ? - help, Shift-Dir - straight line, f/p - orc priest
Aim: an orc priest, wielding an orcish mace (heavily wounded)
The puff of flame hits the orc priest.
The orc priest is heavily wounded.
The orc priest calls down the wrath of Beogh upon you.
Something smites you!
You die...

#........#######
#........)..<... ##
#........####### ...###
#........# .......
#........# .g.....
#........# .......
#######.##
........#########.########
.......oo@...)............
g.......#########.########
o..o... #.# ....... #.#
....############.########
..# #......##......... .
#......##..#######
#......##..# ###
######.##..# #..


You could see an orc priest, 2 orcs and a hobgoblin (wandering).

Vanquished Creatures
  A hound (D:4)
  9 adders
  2 giant mites
  2 worms (D:2)
  3 giant geckos
  An ooze (D:4)
  12 orcs
  3 giant cockroaches
  12 hobgoblins
  2 jackals (D:4)
  3 ball pythons
  11 bats
  A giant newt (D:3)
  7 goblins
  A goblin skeleton (D:3)
  4 kobolds
  3 quokkas
  7 rats
84 creatures vanquished.

Notes
Turn   | Place    | Note
--------------------------------------------------------------
     0 | D:1      | Kae, the Tengu Fire Elementalist, began the quest for the Orb.
     0 | D:1      | Reached XP level 1. HP: 10/10 MP: 3/3
   367 | D:1      | Reached XP level 2. HP: 12/15 MP: 0/5
  1037 | D:2      | Reached XP level 3. HP: 19/19 MP: 2/7
  1666 | D:2      | Reached XP level 4. HP: 21/24 MP: 5/8
  1722 | D:2      | Learned a level 2 spell: Throw Flame
  1726 | D:2      | Learned a level 3 spell: Conjure Flame
  2354 | D:3      | Reached skill level 4 in Conjurations
  2633 | D:3      | Reached XP level 5. HP: 19/28 MP: 6/11
  2999 | D:3      | Found a glowing silver altar of Zin.
  2999 | D:3      | Found a snail-covered altar of Cheibriados.
  3141 | D:4      | Reached skill level 5 in Conjurations
  3593 | D:4      | Reached XP level 6. HP: 26/32 MP: 9/14
  3652 | D:4      | Killed from afar by an orc priest

Action                   |  1- 3 |  4- 6 || total
-------------------------+-------+-------++-------
Melee: Unarmed           |    26 |     1 ||    27
       Dagger            |       |    27 ||    27
Throw: Dart              |     6 |       ||     6
 Cast: Flame Tongue      |    60 |   106 ||   166
       Throw Flame       |       |     4 ||     4
  Use: Potion            |     2 |       ||     2
